Map: 얼어붙은 사원

Players

Sugar - Winner!

  • Race: Terran Terran
  • League: Master

NYK

  • Race: Zerg Zerg
  • League: Master

VOD

Have the link to the VOD?

Description

Time

  • Played on: March 29, 2016, 4:01 p.m.
  • Length: 13:31
Show
View Real Time Build Order
Export as new Build Order

Sugar Terran - Winner!

Build Orders: Reaper Expand, MMM Bio 

Get SALT Encoding   

  12  0:02  SCV  
  13  0:14  SCV  
  13  0:20  Supply Depot  
  14  0:26  SCV  
  15  0:41  SCV  
  16  0:43  Barracks  
  16  0:48  Refinery  
  16  0:53  SCV  
  17  1:05  SCV  
  18  1:18  SCV  
  19  1:30  Orbital Command  
  19  1:31  Reaper  
  20  1:44  Command Center  
  20  1:55  Supply Depot  
  20  1:57  SCV  
  21  2:09  Barracks Reactor, SCV  
  22  2:22  Barracks  
  22  2:25  SCV  
  22  2:26  Barracks  
  23  2:37  SCV  
  24  2:46  Marine x2  
  26  2:56  SCV  
  27  3:00  Orbital Command  
  27  3:05  Marine x2  
  27  3:08  SCV  
  27  3:10  Barracks Tech Lab  
  27  3:11  Refinery  
  30  3:17  Bunker  
  30  3:22  SCV  
  30  3:24  Marine x2  
  30  3:25  Factory, Marine  
  34  3:27  SCV  
  34  3:31  Marine  
  36  3:34  SCV  
  36  3:35  Stimpack  
  36  3:39  SCV  
  38  3:41  Marine  
  38  3:46  SCV  
  40  3:50  Marine x2  
  40  3:52  SCV  
  42  3:56  Supply Depot  
  42  3:58  SCV  
  42  4:00  Marine  
  44  4:04  SCV  
  44  4:09  Marine  
  46  4:10  Factory Reactor, Starport  
  46  4:13  Marine  
  46  4:16  SCV  
  44  4:19  Marine  
  43  4:25  Supply Depot  
  43  4:27  Marine  
  43  4:29  SCV  
  45  4:33  Supply Depot  
  45  4:34  Marine x2  
  45  4:36  SCV  
  48  4:44  SCV  
  49  4:53  Medivac  
  49  4:54  Barracks Reactor, Command Center, Medivac  
  53  5:00  Refinery  
  53  5:01  Refinery  
  53  5:03  Engineering Bay  
  53  5:05  Engineering Bay  
  54  5:07  Factory Reactor, SCV  
  54  5:12  Marine x3  
  57  5:15  SCV  
  58  5:23  SCV, Supply Depot  
  59  5:30  Marine x2  
  59  5:31  Terran Infantry Weapons Level 1, Terran Infantry Armor Level 1  
  61  5:37  Marine x2  
  63  5:45  Widow Mine x2  
  63  5:46  Medivac  
  62  5:58  SCV  
  62  5:59  Marine  
  63  6:07  Marine x3  
  66  6:18  Orbital Command  
  66  6:20  SCV  
  66  6:22  SCV  
  68  6:29  Marine x2  
  68  6:32  SCV  
  71  6:34  SCV  
  71  6:39  Barracks  
  72  6:41  Barracks  
  72  6:47  Marine x2  
  72  6:51  Combat Shields  
  74  6:55  Orbital Command, SCV x2  
  74  7:00  Factory Tech Lab  
  74  7:01  Marine  
  76  7:02  Medivac  
  76  7:07  SCV x2  
  81  7:09  Marauder, Marine x2  
  85  7:19  SCV  
  81  7:25  SCV  
  81  7:27  Marine  
  81  7:28  Marine x4  
  81  7:29  Siege Tank  
  84  7:36  Marauder  
  86  7:38  SCV  
  86  7:40  Armory  
  86  7:42  SCV  
  86  7:43  SCV  
  88  7:45  Marine x2  
  88  7:47  Barracks Reactor  
  90  7:55  SCV  
  90  7:58  Marauder  
  93  8:04  Supply Depot  
  93  8:05  Supply Depot  
  93  8:06  Supply Depot  
  93  8:07  Missile Turret  
  93  8:08  Supply Depot  
  93  8:12  SCV  
  93  8:22  Barracks x2  
  93  8:23  Barracks  
  93  8:25  SCV x2, Marine x4  
  93  8:26  Marauder, SCV  
  102  8:32  Marine x3  
  105  8:36  Terran Infantry Armor Level 2, Terran Infantry Weapons Level 2  
  105  8:37  SCV  
  105  8:38  SCV  
  107  8:44  Marine x5  
  107  8:45  Medivac  
  107  8:47  Marauder, SCV  
  117  8:50  SCV x2, Marine x3  
  121  8:55  Supply Depot  
  121  8:56  Supply Depot  
  121  8:59  SCV  
  121  9:01  Marine  
  121  9:02  SCV  
  120  9:08  Marauder  
  122  9:14  Barracks Tech Lab x3  
  122  9:16  Supply Depot  
  122  9:17  Supply Depot  
  122  9:18  Bunker  
  122  9:21  Refinery, SCV  
  122  9:22  Refinery  
  123  9:24  Terran Vehicle Weapons Level 1  
  123  9:26  Siege Tank  
  123  9:28  Medivac, Marine  
  123  9:29  Marine  
  123  9:30  Marauder  
  131  9:39  Marine  
  131  9:40  Marauder x2, Marine x3  
  131  9:41  SCV  
  131  9:43  SCV  
  136  9:46  Engineering Bay, SCV  
  136  9:48  Marine  
  136  9:50  Marine  
  139  9:54  Marine x4  
  139  9:57  Supply Depot  
  145  10:00  Supply Depot  
  145  10:01  Supply Depot  
  143  10:09  Marine x2  
  143  10:10  Concussive Shells, Marauder x2  
  149  10:17  Siege Tank  
  149  10:18  Marine x2  
  153  10:25  Marine  
  153  10:26  Marauder, Marine x3  
  159  10:31  Factory  
  159  10:32  Marine  
  159  10:33  Command Center  
  158  10:37  Marauder, Marine x4  
  164  10:49  Marauder x2  
  171  10:50  Siege Tank  
  171  10:56  Marine  
  172  11:07  Marine  
  172  11:22  Siege Tank  
  172  11:23  Marine x4  
  176  11:26  Marine x2  
  174  11:34  Factory Tech Lab  
  170  11:43  Marine x4  
  175  11:51  Marine x2  
  175  11:52  Marine  
Show
View Real Time Build Order
Export as new Build Order

NYK Zerg 

Build Orders: Hatch First 

Get SALT Encoding   

  12  0:01  Drone  
  13  0:10  Drone  
  14  0:21  Extractor x2, Drone  
  14  0:22  Drone  
  14  0:28  Overlord  
  16  0:54  Extractor  
  16  0:57  Hatchery  
  14  0:59  Drone  
  14  1:00  Drone  
  16  1:06  Drone  
  17  1:14  Extractor  
  16  1:21  Spawning Pool  
  15  1:27  Drone  
  15  1:29  Drone  
  17  1:36  Drone  
  18  1:45  Drone  
  19  1:53  Overlord  
  19  2:09  Queen x2  
  19  2:11  Zergling x2  
  19  2:13  Zergling x2  
  25  2:17  Zergling x2  
  25  2:21  Metabolic Boost  
  26  2:34  Spore Crawler  
  25  2:37  Drone x3  
  29  3:01  Drone x5  
  34  3:10  Overlord  
  34  3:20  Zergling x2  
  34  3:21  Zergling x2  
  34  3:22  Overlord  
  36  3:29  Zergling x8  
  40  3:36  Hatchery  
  39  3:41  Drone x2  
  39  3:44  Extractor  
  41  3:49  Drone x2  
  41  3:51  Extractor  
  41  3:54  Drone x4  
  46  4:01  Roach Warren  
  36  4:41  Roach x8  
  36  4:44  Overlord x3  
  52  4:54  Roach  
  52  4:55  Roach x2  
  58  5:02  Zergling x2  
  58  5:03  Zergling x12  
  58  5:05  Zergling x2  
  66  5:11  Zergling x2  
  67  5:17  Zergling x4  
  69  5:23  Zergling x4  
  69  5:27  Drone x4  
  75  5:31  Drone x2  
  75  5:32  Drone  
  78  5:38  Ravager x3  
  78  5:42  Ravager  
  69  6:03  Zergling x28  
  69  6:04  Zergling x2  
  73  6:12  Evolution Chamber, Queen  
  73  6:17  Lair  
  74  6:28  Overlord  
  74  6:29  Roach  
  74  6:30  Roach x3  
  82  6:35  Overlord  
  82  6:38  Zerg Missile Weapons Level 1  
  82  6:41  Extractor, Drone  
  83  6:47  Drone x2, Overlord  
  85  7:01  Drone  
  85  7:08  Drone x3  
  86  7:09  Drone x8  
  95  7:25  Zergling x4  
  95  7:26  Zergling x8  
  84  7:35  Roach x4  
  89  7:38  Glial Reconstitution  
  89  7:45  Roach  
  89  7:46  Roach x3  
  89  7:48  Extractor  
  89  7:49  Ravager x4  
  100  8:00  Drone  
  101  8:09  Overlord x2  
  101  8:10  Overlord x2  
  101  8:12  Roach  
  103  8:15  Overlord x2  
  103  8:19  Overlord x2  
  103  8:31  Roach x5  
  103  8:32  Roach x2  
  116  8:41  Roach  
  116  8:42  Roach  
  120  8:50  Roach  
  120  8:51  Roach x2  
  125  8:57  Roach  
  125  8:58  Roach x4  
  133  9:04  Zerg Missile Weapons Level 2  
  133  9:08  Queen  
  135  9:13  Roach  
  135  9:14  Roach x2  
  139  9:17  Overlord  
  139  9:26  Overlord  
  139  9:27  Roach  
  139  9:28  Roach x3  
  139  9:30  Roach  
  148  9:40  Roach x4  
  148  9:41  Roach  
  155  9:53  Roach x5  
  164  10:00  Ravager x4  
  164  10:01  Overlord x2  
  164  10:03  Overseer  
  165  10:16  Roach x2  
  165  10:18  Overlord x2  
  166  10:41  Roach x7  
  166  10:42  Roach x4  
  188  10:44  Ravager  
  189  10:56  Extractor  
  192  10:57  Roach x3  
  196  11:04  Roach  
  196  11:05  Roach  
  179  11:30  Roach  
  179  11:31  Roach x7  
  140  12:03  Hatchery  
  108  13:18  Hatchery  
Tags
 
Add a new tag
Caveats
  • Supply blocks, unpowered buildings, or Contaminate may cause inaccurate times.
  • Supply counts are checked every 10 seconds.